[Event "Titled Tuesday Blitz March 08 Early 2022"]
[White "Van Foreest, Jorden"]
[Black "Murzin, Volodar"]
[WhiteFideId "1039784"]
[BlackFideId "44155573"]
[WhiteElo "2609"]
[BlackElo "2585"]
[Result "0-1"]
[Round "06"]
[TimeControl "180+1"]
[Date "2022.03.08"]
[WhiteClock "0:00:15"]
[BlackClock "0:00:14"]

1. Nf3 d5 2. b3 Bg4 3. Bb2 Nd7 4. g3 e5 5. Nxe5 Nxe5 6. Bxe5 d4 7. h3 Be6 8. Bg2 f6 9. Bf4 g5 10. e3 gxf4 11. exf4 Bd6 12. Bxb7 Rb8 13. Bc6+ Kf8 14. Bg2 Ne7 15. O-O c5 16. d3 Qd7 17. h4 Bd5 18. Nd2 Bxg2 19. Kxg2 Rg8 20. Ne4 Nd5 21. Kh2 f5 22. Ng5 h6 23. Nh3 Nf6 24. Qf3 Kf7 25. Rfe1 Rge8 26. Kg2 Ng4 27. Qd5+ Kf8 28. Ng1 Qb7 29. Rxe8+ Kxe8 30. Re1+ Ne3+ 31. Rxe3+ dxe3 32. Qxb7 Rxb7 33. fxe3 Kd7 34. Ne2 Ke6 35. Kf3 Bc7 36. g4 Bd8 37. g5 Rh7 38. g6 Rd7 39. h5 Bh4 40. c4 Rxd3 41. b4 Be7 42. Ng3 cxb4 43. Nxf5 Kxf5 0-1


[Site "https://www.chess.com"]

[Event "Titled Tuesday Blitz March 08 Early 2022"]
[White "Van den Dikkenberg, Erik"]
[Black "Baches Garcia, Guillermo"]
[WhiteFideId "1005880"]
[BlackFideId "2209764"]
[WhiteElo "2118"]
[BlackElo "2410"]
[Result "0-1"]
[Round "06"]
[TimeControl "180+1"]
[Date "2022.03.09"]
[WhiteClock "0:00:11"]
[BlackClock "0:00:42"]

1. e4 c5 2. Nc3 d6 3. f4 Nc6 4. Nf3 g6 5. Bb5 Bg7 6. Bxc6+ bxc6 7. O-O Nf6 8. d3 O-O 9. Qe1 c4 10. d4 Qb6 11. Kh1 Bg4 12. e5 Nd5 13. Nxd5 cxd5 14. c3 Bf5 15. Nh4 Be4 16. f5 dxe5 17. dxe5 Bxe5 18. Bh6 Qxb2 19. fxg6 hxg6 20. Bxf8 Rxf8 21. Rc1 Kg7 22. Nf3 Bf6 23. Rf2 Qb6 24. Nd2 Bd3 25. Nf3 Rh8 26. h3 Qd6 27. Rd1 Be4 28. Rd4 Bxd4 29. Nxd4 Rxh3+ 30. Kg1 Qh2+ 31. Kf1 Bd3+ 32. Ne2 Qh1# 0-1


[Site "https://www.chess.com"]

[Event "Titled Tuesday Blitz March 08 Early 2022"]
[White "Vasquez Schroeder, Rodrigo"]
[Black "Kouskoutis, Georgios-Alexandros"]
[WhiteFideId "3400042"]
[BlackFideId "4234049"]
[WhiteElo "2561"]
[BlackElo "2130"]
[Result "1-0"]
[Round "06"]
[TimeControl "180+1"]
[Date "2022.03.08"]
[WhiteClock "0:02:28"]
[BlackClock "0:00:01"]

1. e4 c5 2. Nf3 e6 3. d4 cxd4 4. Nxd4 Nc6 5. Nb5 d6 6. c4 Nf6 7. N1c3 a6 8. Na3 Be7 9. Be2 O-O 10. O-O b6 11. Be3 Bb7 12. Rc1 Ne5 13. f3 Rc8 14. Qd2 Qc7 15. Rfd1 Rfd8 16. Kh1 Ned7 17. Bf1 Bf8 18. Qf2 g6 19. Rc2 h5 20. Rcd2 Bc6 21. Bg5 Re8 22. Nc2 Qb8 23. a4 a5 24. b3 Nh7 25. Bf4 e5 26. Be3 Nhf6 27. Na3 Nc5 28. Rb1 Rcd8 29. Nab5 Be7 30. Rdd1 Rf8 31. Qd2 Kh7 32. Bg5 Ng8 33. Be3 Rd7 34. Nd5 Bxd5 35. cxd5 Rc8 36. Na3 Bd8 37. Bb5 Re7 38. Bc6 Bc7 39. b4 axb4 40. Rxb4 Qa7 41. Nb5 Qa5 42. Rdb1 Nf6 43. Qc2 Kg7 44. Bd2 1-0


[Site "https://www.chess.com"]

[Event "Titled Tuesday Blitz March 08 Early 2022"]
[White "Vianello, Enrico"]
[Black "Einarsson, Halldor Gretar"]
[WhiteFideId "810738"]
[BlackFideId "2300150"]
[WhiteElo "2303"]
[BlackElo "2114"]
[Result "0-1"]
[Round "06"]
[TimeControl "180+1"]
[Date "2022.03.09"]
[WhiteClock "0:00:59"]
[BlackClock "0:00:19"]

1. Nf3 Nf6 2. b3 g6 3. Bb2 Bg7 4. c4 O-O 5. Nc3 d5 6. e3 b6 7. Qc2 Bb7 8. Be2 c5 9. cxd5 Nxd5 10. a3 Nd7 11. Nxd5 Bxd5 12. Bxg7 Kxg7 13. O-O Rc8 14. Rac1 f6 15. Qb2 Nb8 16. Rfd1 Qd7 17. d4 Qe6 18. Rc3 Nd7 19. Rdc1 Qe4 20. dxc5 Nxc5 21. b4 Na4 22. Qd2 Nxc3 23. Rxc3 Rxc3 24. Qxc3 Qb1+ 25. Bf1 Bxf3 26. gxf3 Qf5 27. Be2 Rc8 28. Qd2 Rc2 29. Qd1 Rb2 30. Bd3 Qg5+ 31. Kf1 Qh4 32. Qe1 Qxh2 0-1


[Site "https://www.chess.com"]

[Event "Titled Tuesday Blitz March 08 Early 2022"]
[White "Vivas Zamora, Fabian Ernesto"]
[Black "Hambleton, Aman"]
[WhiteFideId "3902480"]
[BlackFideId "2606577"]
[WhiteElo "1966"]
[BlackElo "2552"]
[Result "1/2-1/2"]
[Round "06"]
[TimeControl "180+1"]
[Date "2022.03.09"]
[WhiteClock "0:00:03"]
[BlackClock "0:00:03"]

1. c4 c5 2. Nf3 b6 3. d4 cxd4 4. Nxd4 Bb7 5. Nc3 Nf6 6. Bg5 e6 7. Qc2 h6 8. Bh4 a6 9. e4 d6 10. f4 Nbd7 11. O-O-O g5 12. fxg5 Ng4 13. Be2 hxg5 14. Bxg4 Rxh4 15. Bxe6 fxe6 16. Nxe6 Qe7 17. Nd5 Bxd5 18. exd5 Ne5 19. Rde1 Rc8 20. b3 b5 21. Rhf1 Rhxc4 22. bxc4 Rxc4 23. Rxf8+ Kd7 24. Rd8+ Qxd8 25. Nxd8 Nd3+ 26. Kd2 Rxc2+ 27. Kxc2 Nxe1+ 28. Kd2 Kxd8 29. Kxe1 Ke7 30. Kf2 Kf6 31. Kf3 Ke5 32. Kg4 b4 33. Kxg5 a5 34. h4 a4 35. h5 b3 36. axb3 axb3 37. h6 b2 38. h7 b1=Q 39. h8=Q+ Kxd5 40. Qg8+ Kc5 41. Qc8+ Kd4 42. Qg4+ Qe4 43. Qxe4+ Kxe4 44. g4 d5 45. Kf6 d4 46. g5 d3 47. g6 d2 48. g7 d1=Q 49. g8=Q Qf3+ 50. Ke7 Qf4 51. Qc4+ Kf5 52. Qe6+ Kg5 53. Qg8+ Kh4 54. Qh7+ Kg4 55. Qg7+ Kh4 56. Qf6+ Kg4 57. Qxf4+ Kxf4 1/2-1/2


[Site "https://www.chess.com"]

[Event "Titled Tuesday Blitz March 08 Early 2022"]
[White "Vogel, Roven"]
[Black "Pinheiro, Iung Alicio de O."]
[WhiteFideId "12908088"]
[BlackFideId "2104350"]
[WhiteElo "2516"]
[BlackElo "2564"]
[Result "1-0"]
[Round "06"]
[TimeControl "180+1"]
[Date "2022.03.09"]
[WhiteClock "0:00:36"]
[BlackClock "0:00:03"]

1. e4 c5 2. Nf3 Nc6 3. Bb5 e6 4. O-O Nge7 5. Re1 Nd4 6. Nxd4 cxd4 7. c3 a6 8. Bf1 Nc6 9. d3 Bc5 10. Nd2 O-O 11. Nf3 d6 12. a3 e5 13. b4 Bb6 14. c4 Bg4 15. h3 Bh5 16. Be2 Bg6 17. Bg5 f6 18. Bd2 Qd7 19. Nh4 Bf7 20. Bg4 Be6 21. Bxe6+ Qxe6 22. Qg4 Rae8 23. g3 Nd8 24. f4 Nf7 25. Qxe6 Rxe6 26. f5 Ree8 27. Nf3 Ra8 28. Reb1 Rfc8 29. g4 Bd8 30. a4 b6 31. b5 a5 32. Kf2 Kf8 33. h4 h6 34. Rh1 Ke8 35. Rag1 Kd7 36. g5 hxg5 37. hxg5 Be7 38. g6 Nd8 39. Rh7 Bf8 40. Bh6 Ke8 41. Bxg7 Be7 42. Bh8 Nb7 43. Rgh1 Nc5 44. Rxe7+ Kxe7 45. Rh7+ Ke8 46. Bxf6 Nxd3+ 47. Kf1 Nf4 48. Re7+ Kf8 49. Rf7+ Ke8 50. Ng5 d3 51. g7 1-0


[Site "https://www.chess.com"]

[Event "Titled Tuesday Blitz March 08 Early 2022"]
[White "Voit, Daria"]
[Black "Donchenko, Alexander"]
[WhiteFideId "4182146"]
[BlackFideId "24603295"]
[WhiteElo "2323"]
[BlackElo "2539"]
[Result "1/2-1/2"]
[Round "06"]
[TimeControl "180+1"]
[Date "2022.03.08"]
[WhiteClock "0:00:11"]
[BlackClock "0:00:22"]

1. d4 Nf6 2. Bg5 d5 3. Bxf6 gxf6 4. e3 c5 5. Nf3 Nc6 6. c3 e5 7. Bb5 e4 8. Ng1 Rg8 9. g3 Qb6 10. Qa4 a6 11. Bxc6+ bxc6 12. Nd2 Qb5 13. Qxb5 axb5 14. dxc5 Bxc5 15. Ne2 Bd6 16. a3 Bd7 17. b4 Ke7 18. Nb3 Ra7 19. Ned4 Rga8 20. Na5 Rxa5 21. bxa5 Rxa5 22. Nc2 Ra4 23. Kd2 Be5 24. Rhb1 c5 25. Rb3 Kd6 26. Rab1 Ra5 27. Ra1 Ra8 28. Rab1 Ra5 29. Ra1 Kc6 30. Rab1 h5 31. h4 Be6 32. R3b2 f5 33. Rb3 Bg7 34. R3b2 Bf6 35. Rb3 d4 36. exd4 Bxb3 37. Rxb3 Ra4 38. dxc5 Kxc5 39. Rb4 Ra8 40. Nd4 f4 41. gxf4 Bxd4 42. cxd4+ Kc6 43. Rb3 Ra4 44. Ke3 f5 45. Rc3+ Kd6 46. Rb3 Ra8 47. f3 exf3 48. Kxf3 Kd5 49. Rxb5+ Kxd4 50. Rxf5 Rxa3+ 51. Kf2 Ke4 52. Rxh5 Kxf4 53. Ke2 Kg4 54. Rh8 Rh3 55. h5 Rxh5 56. Rxh5 Kxh5 1/2-1/2


[Site "https://www.chess.com"]

[Event "Titled Tuesday Blitz March 08 Early 2022"]
[White "Vokhidov, Shamsiddin"]
[Black "Samant Aditya S"]
[WhiteFideId "14204223"]
[BlackFideId "35080580"]
[WhiteElo "2611"]
[BlackElo "1916"]
[Result "1-0"]
[Round "06"]
[TimeControl "180+1"]
[Date "2022.03.08"]
[WhiteClock "0:00:20"]
[BlackClock "0:00:05"]

1. e4 c5 2. Nf3 d6 3. Bb5+ Bd7 4. c4 Nf6 5. Nc3 Nc6 6. d4 cxd4 7. Nxd4 a6 8. Bxc6 bxc6 9. O-O e5 10. Nc2 Be7 11. b3 O-O 12. Ba3 Be6 13. Qd2 Qb6 14. Rad1 Rfd8 15. Ne3 Bf8 16. Kh1 Ng4 17. Nxg4 Bxg4 18. f3 Be6 19. Qe2 Qa5 20. Bb2 Qc5 21. Rd3 a5 22. Rfd1 a4 23. Qd2 axb3 24. axb3 Qb4 25. Qc2 Rab8 26. Ne2 Bxc4 27. bxc4 Qxb2 28. R3d2 Qxc2 29. Rxc2 Rdc8 30. g3 Rb4 31. Ra1 Rcb8 32. Kg2 g6 33. Raa2 R4b7 34. Kf2 Kg7 35. Ra6 Rb6 36. Raa2 f5 37. Nc3 Kf6 38. Ke2 Rb4 39. Kd3 Be7 40. Ra6 R4b6 41. Rxb6 Rxb6 42. Ra2 Rb7 43. Ra6 Rc7 44. h3 Ke6 45. Ne2 Bf6 46. Nc3 Be7 47. Na4 Bf8 48. Ra8 Be7 49. Nc3 Bf6 50. Re8+ Be7 51. Rb8 Bf6 52. Rb6 Be7 53. Nd1 Bf8 54. Ne3 Be7 55. Nc2 c5 56. Na3 Ra7 57. Nb5 Ra2 58. Nc7+ Kd7 59. Nd5 Bd8 60. Rb7+ Kc6 61. Rxh7 Ba5 62. Ne7+ Kb6 63. Nc8+ Kc6 64. Ne7+ Kb6 65. Nxg6 Rd2+ 66. Ke3 f4+ 67. gxf4 exf4+ 68. Nxf4 Rd4 69. Nd5+ Kc6 70. f4 Rxc4 71. f5 Rd4 72. f6 Bd2+ 73. Kf3 Rd3+ 74. Ke2 Rd4 75. f7 Rxe4+ 76. Kxd2 1-0


[Site "https://www.chess.com"]

[Event "Titled Tuesday Blitz March 08 Early 2022"]
[White "Vusatiuk, Vladimir"]
[Black "Sonis, Francesco"]
[WhiteFideId "14118610"]
[BlackFideId "895733"]
[WhiteElo "2157"]
[BlackElo "2373"]
[Result "0-1"]
[Round "06"]
[TimeControl "180+1"]
[Date "2022.03.08"]
[WhiteClock "0:00:07"]
[BlackClock "0:00:32"]

1. d4 Nf6 2. c4 c5 3. d5 b5 4. cxb5 a6 5. e3 g6 6. Nc3 Bg7 7. e4 O-O 8. a4 d6 9. Ra3 axb5 10. Bxb5 Na6 11. Nge2 Nc7 12. Bc4 Nd7 13. O-O Ne5 14. b3 Ba6 15. Bxa6 Rxa6 16. f4 Nd7 17. Qd3 Qa8 18. Be3 Rb8 19. Rb1 Rb4 20. Na2 Rb7 21. Nec3 Rab6 22. a5 Ra6 23. b4 cxb4 24. Rxb4 Rxb4 25. Nxb4 Rxa5 26. Rb3 Nb8 27. h3 Nca6 28. Nxa6 Nxa6 29. Bd4 Nc5 30. Bxc5 Rxc5 31. Ne2 Qa2 32. Rb8+ Bf8 33. Kh2 Rc2 34. Ra8 Qb2 35. Rb8 Qa2 36. Ra8 Qc4 37. Qxc4 Rxc4 38. Ng3 h5 39. h4 Kg7 40. Kh3 f6 41. Ra3 Kf7 42. Re3 Bh6 43. Rf3 Rd4 44. Rf2 Rd3 45. f5 g5 46. Kh2 gxh4 47. Nxh5 Re3 48. Nf4 Rxe4 49. Ng6 Bg5 50. Kh3 Re3+ 51. Kg4 Re4+ 52. Kh5 Ke8 53. Ra2 Kd7 54. Ra7+ Kd8 55. Ra8+ Kc7 56. Ra7+ Kb6 57. Rxe7 Rd4 58. Re6 Rxd5 59. Nxh4 Kc5 60. g4 Rd3 61. Ng2 Rh3+ 62. Kg6 Rg3 63. Ne1 d5 64. Nd3+ Rxd3 65. Rxf6 Bxf6 66. Kxf6 Rg3 67. g5 d4 68. g6 d3 69. g7 d2 70. Kf7 d1=Q 71. g8=Q Qd5+ 0-1


[Site "https://www.chess.com"]

[Event "Titled Tuesday Blitz March 08 Early 2022"]
[White "Weetik, Vjacheslav"]
[Black "Jacobson, Aaron"]
[WhiteFideId "4153472"]
[BlackFideId "2089912"]
[WhiteElo "2469"]
[BlackElo "2265"]
[Result "1-0"]
[Round "06"]
[TimeControl "180+1"]
[Date "2022.03.09"]
[WhiteClock "0:02:07"]
[BlackClock "0:02:12"]

1. d4 e5 2. dxe5 Nc6 3. Nf3 Qe7 4. Nc3 Nxe5 5. Nd5 Nxf3+ 6. gxf3 Qd8 7. e4 Nf6 8. Bc4 d6 9. Rg1 g6 10. Bg5 Be7 11. Qd4 1-0


[Site "https://www.chess.com"]

[Event "Titled Tuesday Blitz March 08 Early 2022"]
[White "Zanette, Edgard Vinicius"]
[Black "Suarez Uriel, Adrian"]
[WhiteFideId "2109263"]
[BlackFideId "22230874"]
[WhiteElo "2182"]
[BlackElo "2316"]
[Result "0-1"]
[Round "06"]
[TimeControl "180+1"]
[Date "2022.03.09"]
[WhiteClock "0:00:02"]
[BlackClock "0:01:16"]

1. e4 d6 2. d4 g6 3. Nc3 Bg7 4. Be3 a6 5. Qd2 b5 6. O-O-O Bb7 7. f3 Nd7 8. h4 h5 9. Nh3 Rc8 10. Nf2 c5 11. dxc5 Nxc5 12. Nd5 Nf6 13. Nxf6+ Bxf6 14. Kb1 Ne6 15. g4 Qc7 16. Bd3 Nd4 17. Rh3 Kf8 18. gxh5 Rxh5 19. Ng4 Bg7 20. Rc1 Qd7 21. Qg2 Ne6 22. Rhh1 Nc5 23. Nf2 Na4 24. c3 b4 25. Bd4 bxc3 26. Bxg7+ Kxg7 27. b3 Qc7 28. Rc2 Nb2 29. Be2 a5 30. Nd3 Nxd3 31. Bxd3 a4 32. Rg1 axb3 33. axb3 Qb6 34. Bc4 Rxc4 0-1


[Site "https://www.chess.com"]

[Event "Titled Tuesday Blitz March 08 Early 2022"]
[White "Zemerov, Vladimir"]
[Black "Batsiashvili, Nino"]
[WhiteFideId "4111583"]
[BlackFideId "13602993"]
[WhiteElo "2277"]
[BlackElo "2192"]
[Result "0-1"]
[Round "06"]
[TimeControl "180+1"]
[Date "2022.03.09"]
[WhiteClock "0:00:55"]
[BlackClock "0:00:26"]

1. Nf3 d5 2. d4 c5 3. e3 Nc6 4. b3 cxd4 5. exd4 Bf5 6. a3 e6 7. Bb2 Nf6 8. h3 Rc8 9. Bd3 Bxd3 10. Qxd3 Bd6 11. O-O O-O 12. c4 dxc4 13. bxc4 Qc7 14. Nbd2 Rfd8 15. Qe2 Ne7 16. Rfe1 Nf5 17. g4 Ne7 18. g5 Nh5 19. Ne5 Bxe5 20. dxe5 Nf4 21. Qe3 Nfg6 22. Nf3 Nf5 23. Qe2 Qxc4 24. Qxc4 Rxc4 25. Rac1 b5 26. Rxc4 bxc4 27. Rc1 Rc8 28. Nd2 Nf4 29. Rxc4 Rxc4 30. Nxc4 Nxh3+ 31. Kg2 Nxg5 32. f4 Ne4 33. Kf3 Nc5 34. Nd6 Nxd6 35. exd6 a6 36. Bd4 Nd7 37. Ke3 f6 38. Kd3 h5 39. Kc4 h4 40. Kb4 h3 41. Bg1 e5 42. fxe5 fxe5 43. Ka5 e4 44. Kb4 Kf7 45. Kc3 Ke6 46. Kd4 Nf6 47. Bh2 g5 48. a4 g4 49. a5 Nh5 50. Kc5 g3 51. Kc6 gxh2 52. d7 h1=Q 53. d8=Q e3+ 54. Kb6 Nf6 55. Qd3 Qe4 56. Qe2 h2 57. Qxh2 e2 58. Qh3+ Kd5 59. Qb3+ Kd4 60. Qb4+ Ke5 61. Qe1 Nd5+ 62. Kxa6 Qc4+ 63. Ka7 Qc7+ 64. Ka6 Qc4+ 65. Ka7 Kd4 66. Qd2+ Ke4 67. Qe1 Ne3 68. Qh4+ Kd3 69. Qd8+ Qd4+ 70. Qxd4+ Kxd4 71. a6 e1=Q 72. Kb7 Qb1+ 73. Kc7 Nd5+ 74. Kc6 Nb6 75. a7 Kc4 76. Kb7 Kb5 77. Kc7 Qh7+ 78. Kb8 Qg8+ 79. Kc7 Qa8 80. Kd6 Qxa7 81. Ke5 Qd7 82. Kf4 Kc4 83. Kg3 Qf5 84. Kg2 Kd3 85. Kg3 Ke2 86. Kh4 Qg6 87. Kh3 Kf3 88. Kh2 Qg2# 0-1


[Site "https://www.chess.com"]

[Event "Titled Tuesday Blitz March 08 Early 2022"]
[White "Zierk, Steven"]
[Black "Nazari, Arad"]
[WhiteFideId "2034255"]
[BlackFideId "12577324"]
[WhiteElo "2494"]
[BlackElo "2120"]
[Result "1-0"]
[Round "06"]
[TimeControl "180+1"]
[Date "2022.03.08"]
[WhiteClock "0:00:10"]
[BlackClock "0:00:04"]

1. e4 c5 2. Nf3 d6 3. d4 cxd4 4. Nxd4 Nf6 5. f3 a6 6. c4 e5 7. Nc2 Be6 8. Nc3 Be7 9. Be2 O-O 10. O-O Nc6 11. Be3 a5 12. Nd5 Nd7 13. Na3 Bxd5 14. cxd5 Nb4 15. Bb5 Rc8 16. Nc4 Nc5 17. a3 Nba6 18. Qe1 Nc7 19. Bxc5 Nxb5 20. Bb6 Qd7 21. Nxa5 Bd8 22. Bxd8 Qxd8 23. Qb4 Nd4 24. Rad1 Rc2 25. Rf2 Rxf2 26. Kxf2 Qh4+ 27. Kg1 Ne2+ 28. Kf1 Nd4 29. Kg1 Ne2+ 30. Kf1 Nd4 31. h3 Rc8 32. Qxd6 Qg3 33. Qd7 Ra8 34. Qxb7 Rf8 35. Qb6 Qh2 36. Rxd4 Qh1+ 37. Kf2 exd4 38. Qxd4 Qc1 39. Nc6 h6 40. a4 Ra8 41. a5 Qc2+ 42. Kg3 Qc1 43. b4 Qg5+ 44. Kf2 f5 45. e5 f4 46. e6 Qg3+ 47. Kf1 Qh2 48. d6 Kh7 49. d7 Qh1+ 50. Qg1 1-0


[Site "https://www.chess.com"]

[Event "Titled Tuesday Blitz March 08 Early 2022"]
[White "parintele_chess"]
[Black "Heinemann, Josefine"]
[BlackFideId "12900460"]
[WhiteElo "2203"]
[BlackElo "2300"]
[Result "1-0"]
[Round "06"]
[TimeControl "180+1"]
[Date "2022.03.09"]
[WhiteClock "0:00:39"]
[BlackClock "0:01:01"]

1. d4 Nf6 2. Bf4 d5 3. Nf3 e6 4. e3 Bd6 5. Bg3 O-O 6. Nbd2 c5 7. c3 Qc7 8. Ne5 Nbd7 9. f4 Ne4 10. Nxe4 dxe4 11. Be2 b6 12. O-O Bb7 13. Nc4 f5 14. Nxd6 Qxd6 15. dxc5 Qxd1 16. Rfxd1 Nxc5 17. Bc4 Rfe8 18. b4 Na6 19. Rd7 Bc6 20. Rd6 Nb8 21. Rxe6 Rxe6 22. Bxe6+ Kf8 23. Rd1 g6 24. Bh4 Na6 25. Rd6 Ba4 26. Bd5 Re8 27. Rf6+ Ke7 28. Rxb6+ 1-0


[Site "https://www.chess.com"]

[Event "Titled Tuesday Blitz March 08 Early 2022"]
[White "Alavi, Sayed Javad"]
[Black "Bodnaruk, Anastasia"]
[WhiteFideId "12500607"]
[BlackFideId "4181751"]
[WhiteElo "2475"]
[BlackElo "2393"]
[Result "1/2-1/2"]
[Round "07"]
[TimeControl "180+1"]
[Date "2022.03.09"]
[WhiteClock "0:00:06"]
[BlackClock "0:00:05"]

1. e4 c5 2. Nf3 d6 3. d4 cxd4 4. Qxd4 Nc6 5. Bb5 Bd7 6. Bxc6 Bxc6 7. Nc3 Nf6 8. Bg5 e6 9. O-O-O Be7 10. Rhe1 O-O 11. Qd2 h6 12. Bxf6 Bxf6 13. Qxd6 Qa5 14. e5 Rfd8 15. Qa3 Qxa3 16. bxa3 Be7 17. Kb2 Bc5 18. Rxd8+ Rxd8 19. Re2 b5 20. Nd2 Bxg2 21. f3 Bh3 22. Nde4 Be7 23. Kb3 a5 24. Ng3 b4 25. axb4 axb4 26. Nce4 Bf5 27. Nxf5 exf5 28. Nd6 Bxd6 29. exd6 Rxd6 30. Kxb4 Rb6+ 31. Kc5 Rb2 32. a4 g5 33. a5 Ra2 34. Kb6 Rb2+ 35. Kc6 Ra2 36. Kb6 Rb2+ 37. Ka7 g4 38. a6 gxf3 39. Rf2 Kg7 40. Ka8 Kg6 41. a7 Kg5 42. Rxf3 Rxc2 43. Ra3 Rb2 44. Rc3 f4 45. Rc7 f5 46. Rb7 Ra2 47. Kb8 f3 48. a8=Q Rxa8+ 49. Kxa8 f2 50. Rb1 Kf4 51. Kb7 Kf3 52. Kc6 Kg2 53. Kd5 Kxh2 54. Ke5 Kg2 55. Kxf5 h5 56. Kg5 f1=Q 57. Rxf1 Kxf1 58. Kxh5 1/2-1/2


[Site "https://www.chess.com"]

[Event "Titled Tuesday Blitz March 08 Early 2022"]
[White "Aldokhin, Ivan"]
[Black "Weetik, Vjacheslav"]
[WhiteFideId "24115720"]
[BlackFideId "4153472"]
[WhiteElo "2231"]
[BlackElo "2469"]
[Result "1/2-1/2"]
[Round "07"]
[TimeControl "180+1"]
[Date "2022.03.09"]
[WhiteClock "0:00:05"]
[BlackClock "0:00:09"]

1. e4 c6 2. Nc3 d5 3. Nf3 dxe4 4. Nxe4 Nf6 5. Nxf6+ exf6 6. d4 Bd6 7. Bc4 O-O 8. O-O Re8 9. h3 Nd7 10. Re1 Nb6 11. Bd3 Be6 12. Bd2 Rc8 13. Qc1 g5 14. Nxg5 fxg5 15. Bxg5 Be7 16. Bxe7 Qxe7 17. Qh6 f6 18. Re3 Nd5 19. Rg3+ Kh8 20. Re1 Qf7 21. c4 Rg8 22. cxd5 Bxd5 23. Ree3 f5 24. Qf4 Rxg3 25. Rxg3 Rf8 26. Rg5 Be6 27. b3 Qf6 28. h4 h6 29. Rg3 Rd8 30. Bc4 Rxd4 31. Qb8+ Rd8 32. Qf4 Rd4 33. Qb8+ Rd8 34. Qf4 Rd4 1/2-1/2


[Site "https://www.chess.com"]

[Event "Titled Tuesday Blitz March 08 Early 2022"]
[White "Antonio, Jorge Carlos"]
[Black "Havas, Ladislav"]
[WhiteFideId "113190"]
[BlackFideId "14501090"]
[WhiteElo "2247"]
[BlackElo "2206"]
[Result "0-1"]
[Round "07"]
[TimeControl "180+1"]
[Date "2022.03.09"]
[WhiteClock "0:01:39"]
[BlackClock "0:01:34"]

1. d4 Nf6 2. Nf3 g6 3. c4 Bg7 4. Nc3 O-O 5. e4 d6 6. Be2 e5 7. O-O exd4 8. Nxd4 Re8 9. f3 c6 10. Nc2 Nh5 11. g3 f5 12. Bd3 fxe4 13. Nxe4 Be5 14. f4 Bg7 15. Nf2 Be6 16. Re1 Nd7 17. Rb1 a5 18. Bd2 Nc5 19. Bc3 Nxd3 20. Qxd3 Bf5 21. Qd2 Qb6 22. Bxg7 Nxg7 23. b3 h6 24. Rbd1 a4 25. Nd4 Kh7 26. Nxf5 Nxf5 27. g4 Nh4 28. Qxd6 Nf3+ 29. Kg2 Nxe1+ 30. Kg3 Qe3+ 31. Kh4 Qxf2+ 0-1


[Site "https://www.chess.com"]

[Event "Titled Tuesday Blitz March 08 Early 2022"]
[White "Arabidze, Meri"]
[Black "Shyaamnikhil P"]
[WhiteFideId "13604040"]
[BlackFideId "5024218"]
[WhiteElo "2335"]
[BlackElo "2329"]
[Result "1/2-1/2"]
[Round "07"]
[TimeControl "180+1"]
[Date "2022.03.09"]
[WhiteClock "0:00:11"]
[BlackClock "0:00:16"]

1. d4 Nf6 2. Nf3 e6 3. g3 c5 4. Bg2 cxd4 5. Nxd4 Nc6 6. O-O Bc5 7. Nb3 Be7 8. c4 b6 9. Nc3 Bb7 10. Nb5 O-O 11. Bf4 d5 12. cxd5 Nxd5 13. Bxd5 Qxd5 14. Qxd5 exd5 15. Rfd1 Bf6 16. Nc7 Rad8 17. Nxd5 Bxb2 18. Rab1 Be5 19. e4 Bxf4 20. gxf4 f5 21. f3 fxe4 22. fxe4 Rde8 23. Re1 Ne7 24. Nc7 Rc8 25. Ne6 Rf6 26. Nbd4 Nc6 27. f5 Nxd4 28. Nxd4 Rd6 29. Nf3 Rc2 30. e5 Rd3 31. e6 Bxf3 32. e7 Bc6 33. e8=Q+ Bxe8 34. Rxe8+ Kf7 35. Rbe1 Rdd2 36. h4 Rg2+ 37. Kh1 Rh2+ 38. Kg1 Rcg2+ 39. Kf1 Rxa2 40. Kg1 Rhg2+ 41. Kh1 Rh2+ 42. Kg1 Rxh4 43. R1e6 Rg4+ 44. Kh1 Rh4+ 45. Kg1 Rg4+ 46. Kh1 Rh4+ 47. Kg1 1/2-1/2


[Site "https://www.chess.com"]

[Event "Titled Tuesday Blitz March 08 Early 2022"]
[White "Aradhya, Garg"]
[Black "Kollars, Dmitrij"]
[WhiteFideId "25006746"]
[BlackFideId "12909572"]
[WhiteElo "2169"]
[BlackElo "2584"]
[Result "0-1"]
[Round "07"]
[TimeControl "180+1"]
[Date "2022.03.08"]
[WhiteClock "0:01:20"]
[BlackClock "0:01:35"]

1. d4 Nf6 2. c4 e6 3. Nf3 b6 4. Nc3 Bb4 5. e3 Bb7 6. Bd3 c5 7. O-O cxd4 8. exd4 O-O 9. Bg5 h6 10. Bh4 Be7 11. Qe2 d5 12. Rad1 Nc6 13. Rfe1 Nb4 14. Bb1 dxc4 15. Qxc4 Bxf3 16. gxf3 Rc8 17. Qe2 Nfd5 18. Qe4 g6 19. Nxd5 Nxd5 20. Bg3 Bf6 21. a3 Bg7 22. h4 h5 23. Ba2 Qd7 24. Qd3 Rfd8 25. Rc1 Ne7 26. Rxc8 Rxc8 27. Rd1 Rd8 28. Kg2 Qxd4 29. Qxd4 Rxd4 30. Rc1 Rd7 31. Rc2 Nf5 32. Bb3 Bf6 33. Ba4 Rd4 34. Rc8+ Kg7 35. Bc2 Nxh4+ 36. Bxh4 Bxh4 37. Rc7 Rd2 38. Bb3 Kf6 39. Rxa7 Rxf2+ 40. Kh3 Rxf3+ 41. Kxh4 Rxb3 42. Ra4 g5+ 43. Kxh5 Rh3+ 44. Kg4 Rh4+ 45. Kg3 Rxa4 46. Kf3 Rf4+ 47. Ke3 Kf5 48. Ke2 g4 49. Ke3 g3 50. Kd3 g2 51. Ke2 g1=Q 0-1


[Site "https://www.chess.com"]

[Event "Titled Tuesday Blitz March 08 Early 2022"]
[White "Ardila, Oscar Humberto"]
[Black "Mayaud, Raphael"]
[WhiteFideId "4404742"]
[BlackFideId "627151"]
[WhiteElo "1966"]
[BlackElo "2191"]
[Result "0-1"]
[Round "07"]
[TimeControl "180+1"]
[Date "2022.03.09"]
[WhiteClock "0:00:10"]
[BlackClock "0:00:16"]

1. d4 Nf6 2. c4 c5 3. d5 b5 4. Qc2 b4 5. e4 d6 6. Bd3 g6 7. h3 Bg7 8. Ne2 O-O 9. O-O e5 10. dxe6 fxe6 11. Bf4 Nc6 12. Nd2 e5 13. Be3 Be6 14. f4 Qe7 15. f5 Bf7 16. Ng3 Nd4 17. Bxd4 exd4 18. Rae1 Nd7 19. Nf3 Ne5 20. Nxe5 Bxe5 21. Ne2 Qh4 22. Qd2 gxf5 23. exf5 Rae8 24. Rf3 Bh5 25. g4 Bf7 26. Ref1 d5 27. Nf4 Bxf4 28. Rxf4 Qg5 29. cxd5 Bxd5 30. Qf2 Re3 31. Bb5 a6 32. Kh2 axb5 33. f6 Bf7 34. Rf5 Qg6 35. Qf4 h6 36. Rxc5 Rfe8 37. Rc7 Re2+ 38. Kg1 d3 39. Qd4 d2 40. Rxf7 Qxf7 41. Qd3 Re1 42. Qxd2 Rxf1+ 43. Kxf1 Qc4+ 44. Kg1 Qe2 45. Qxh6 Qe1+ 46. Kh2 Re2# 0-1


[Site "https://www.chess.com"]

[Event "Titled Tuesday Blitz March 08 Early 2022"]
[White "Artemenko, Oleg"]
[Black "Matinian, Nikita"]
[WhiteFideId "14201798"]
[BlackFideId "24129100"]
[WhiteElo "2287"]
[BlackElo "2422"]
[Result "0-1"]
[Round "07"]
[TimeControl "180+1"]
[Date "2022.03.08"]
[WhiteClock "0:00:08"]
[BlackClock "0:00:40"]

1. d4 Nf6 2. Nc3 d5 3. Bf4 e6 4. Nb5 Na6 5. e3 c6 6. Nc3 Bd6 7. Bxa6 bxa6 8. Nf3 c5 9. O-O O-O 10. Bxd6 Qxd6 11. Na4 c4 12. b3 Bd7 13. Nc5 c3 14. a4 Rfc8 15. Ne5 Rxc5 16. Nxd7 Rc7 17. Ne5 Ne4 18. Qh5 f6 19. Nd3 g6 20. Qh6 e5 21. f4 exd4 22. exd4 Qb6 23. Kh1 Qxd4 24. Rad1 Re8 25. Qh4 Nd2 26. Rg1 Re2 27. Qh3 Ne4 28. Rgf1 Rxc2 29. Qe6+ Kg7 30. f5 Rd2 31. Rxd2 cxd2 32. Qxa6 gxf5 33. Qa5 Qxd3 34. Qxc7+ Kg6 35. Qf4 Qxf1+ 36. Qxf1 d1=Q 37. Qxd1 Nf2+ 38. Kg1 Nxd1 39. Kf1 Nc3 40. Ke1 Kf7 41. Kd2 Ne4+ 42. Ke3 Ke6 43. Kd4 f4 44. b4 Kd6 45. b5 Nc5 46. a5 Nb3+ 47. Kc3 Nxa5 48. Kd4 Nc4 49. h4 h5 50. Kc3 Kc5 51. Kd3 Kxb5 52. Kd4 Kc6 53. Kc3 a5 54. Kb3 Kc5 55. Kc3 a4 56. Kc2 a3 57. Kb3 d4 58. Ka2 d3 59. Kb3 d2 60. Kc2 a2 61. g3 d1=Q+ 62. Kxd1 a1=Q+ 63. Ke2 Qc3 64. gxf4 Qe3+ 65. Kd1 Qd2# 0-1


[Site "https://www.chess.com"]